AoeStats
← Брат разраба

MegaRandom

507824825Analyzed
4v4 RM · 11d ago on Sep 19, 2026· 44m 22s· 8 players
Game mode
Random Map
Map size
Large (8 player)
Population
200
Speed
Normal
Resources
Standard
Victory
Conquest
Starting age
Dark Age
Ending age
Imperial Age
RankedLock teamsTeams togetherTeam positionsShared explorationLock speedFull tech treeHidden civsTurbo modeCheats
Victory
Defeat
🇪🇸 Chinese · Spain
1052
+14
🇪🇸 Berbers · Spain
1052
+14
🇸🇪 Mongols · Sweden
1048
+14
🇬🇧 Persians · United Kingdom
932
+18
🇹🇷 Cumans · Türkiye
1020
-16
🇪🇸 Spanish · Spain
1017
-16
🇷🇺 Huns · Russia
994
-15
🇮🇳 Burgundians · India
959
-13
Master of Ludus
0:30 Loom
13:06 Feudal Age
21:31 Horse Collar
42:19 Castle Age
Брат разраба
11:46 Feudal Age
10:01 Loom
17:30 Castle Age
18:30 Double-Bit Axe
22:49 Horse Collar
24:07 Bow Saw
26:44 Pikeman
30:29 Wheelbarrow
31:35 Squires
31:39 Scale Mail Armor
31:50 Forging
33:41 Gold Mining
Anarşik
3:31 Loom
16:50 Feudal Age
18:09 Wheelbarrow
17:44 Double-Bit Axe
17:52 Horse Collar
18:04 Gold Mining
19:01 Scale Mail Armor
27:41 Padded Archer Armor
28:21 Fletching
35:31 Castle Age
34:07 Forging
35:41 Scale Barding Armor
TheGogoi
8:17 Loom
9:53 Loom
14:18 Feudal Age
17:05 Double-Bit Axe
18:25 Horse Collar
25:30 Scale Barding Armor
27:54 Fletching
28:34 Bow Saw
33:28 Castle Age
34:36 Wheelbarrow
35:03 Pikeman
35:46 Scale Mail Armor
35:57 Forging
37:04 Bodkin Arrow
Clark_Kent__
0:34 Loom
10:34 Feudal Age
11:18 Double-Bit Axe
11:14 Horse Collar
17:39 Bloodlines
19:09 Wheelbarrow
22:37 Castle Age
22:05 Fletching
22:15 Padded Archer Armor
23:12 Crossbowman
23:47 Bodkin Arrow
24:03 Bow Saw
24:59 Crossbowman
35:59 Imperial Age
33:50 Town Watch
35:08 Hand Cart
35:11 Gold Mining
35:11 Stone Mining
35:34 Forging
36:43 Bracer
37:54 Two-Man Saw
38:55 Leather Archer Armor
39:42 Chemistry
38:29 Arbalester
41:37 Stone Shaft Mining
41:37 Gold Shaft Mining
41:05 Scale Mail Armor
41:40 Iron Casting
40:52 Capped Ram
41:41 Capped Ram
43:34 Thumb Ring
44:06 Town Patrol
44:37 Ring Archer Armor
45:08 Blast Furnace
44:26 Chain Mail Armor
44:17 Scale Barding Armor
44:36 Ballistics
Khan Asparuh
5:11 Loom
10:35 Feudal Age
21:12 Castle Age
19:55 Double-Bit Axe
20:05 Fletching
22:18 Bodkin Arrow
23:07 Husbandry
28:13 Thumb Ring
29:10 Bow Saw
30:08 Bloodlines
34:03 Wheelbarrow
33:14 Town Watch
33:22 Horse Collar
34:58 Ballistics
34:48 Gold Mining
38:23 Imperial Age
39:15 Bracer
38:38 Heavy Cavalry Archer
39:43 Parthian Tactics
39:45 Hand Cart
41:52 Chemistry
QUEVEDO
11:14 Feudal Age
9:30 Loom
25:58 Wheelbarrow
28:51 Fletching
30:06 Padded Archer Armor
31:55 Gold Mining
36:28 Castle Age
35:47 Double-Bit Axe
35:57 Stone Mining
36:40 Horse Collar
37:43 Crossbowman
41:17 Bloodlines
44:25 Bow Saw
44:59 Husbandry
necca
11:55 Feudal Age
13:12 Wheelbarrow
12:19 Horse Collar
12:25 Double-Bit Axe
13:45 Gold Mining
15:18 Loom
20:29 Castle Age
19:08 Stone Mining
20:51 Forging
20:46 Scale Barding Armor
21:15 Hand Cart
21:29 Bow Saw
22:04 Town Watch
23:53 Husbandry
24:03 Bloodlines
24:57 Chain Barding Armor
25:12 Iron Casting
26:50 Iron Casting
27:54 Town Patrol
29:55 Gold Shaft Mining
29:56 Stone Shaft Mining
37:04 Imperial Age
34:47 Heavy Plow
37:12 Cavalier
38:55 Blast Furnace
38:30 Plate Barding Armor
38:03 Light Cavalry
38:57 Hussar
39:01 Savar
40:53 Conscription
44:22 Two-Man Saw
43:57 Crop Rotation
Connection lost

Rejoining the realm…

Still unreachable

The connection could not be restored.

Session expired

The server has moved on; the page needs a fresh start.